 Dungeon Crawl Stone Soup version 0.31-a0-1059-g83d41fd8b6 (webtiles) character file.

Game seed: 10335387952433484203

39 inmateoo the Trooper (level 3, -1/33 HPs)
             Began as a Minotaur Fighter on Nov 21, 2023.
             Slain by a hobgoblin (3 damage)
             ... led by Robin
             ... on level 2 of the Dungeon.
             The game lasted 00:00:38 (658 turns).

inmateoo the Trooper (Minotaur Fighter)              Turns: 658, Time: 00:00:38

Health: -1/33      AC: 10    Str: 20    XL:     3   Next: 28%
Magic:  2/2        EV:  7    Int:  5    God:
Gold:   69         SH:  4    Dex: 11    Spells: 2/2 levels left

rFire   . . .        a - +1 war axe
rCold   . . .        c - +0 buckler
rNeg    . . .        l - +0 chain mail
rPois   .            (helmet restricted)
rElec   .            (no cloak)
rCorr   .            (no gloves)
SInv    .            k - +0 pair of boots
Will    .....        (no amulet) Stlth
                     (no ring)
HPRegen 0.25/turn    (no ring)
MPRegen 0.08/turn

%: no passive effects
@: no status effects
A: horns 2, retaliatory headbutt
a: no special abilities


You were on level 2 of the Dungeon.
You visited 1 branch of the dungeon, and saw 2 of its levels.

You collected 69 gold pieces.

Inventory:

Hand Weapons
 a - a +1 war axe (weapon)
Armour
 c - a +0 buckler (worn)
 k - a +0 pair of boots (worn)
 l - a +0 chain mail (worn)
Scrolls
 b - a scroll of identify {unknown}
 i - a scroll of teleportation {unknown}
 j - a scroll of enchant weapon
Potions
 d - 2 potions of might
 e - 2 potions of heal wounds {unknown}
 f - a potion of curing {unknown}
 g - a potion of berserk rage {unknown}
 h - a potion of attraction {unknown}


   Skills:
 + Level 4.1 Fighting
 * Level 3.4 Axes
 + Level 4.0 Armour
 + Level 4.0 Shields


You had 2 spell levels left.
You didn't know any spells.
Your spell library was empty.

Dungeon Overview and Level Annotations

Branches:
Dungeon (2/15)

Altars:

Annotations:
D:2 Robin


Innate Abilities, Weirdness & Mutations

You have a pair of horns on your head.
You reflexively headbutt those who attack you in melee.


Message History

You barely miss the goblin. You slash the rat!
You kill the rat!
You closely miss the goblin.
The goblin hits you but does no damage. x2
The goblin barely misses you.
You slash the goblin!
You kill the goblin!
You hit the goblin. x2; You block the goblin's attack.
The goblin hits you but does no damage. The goblin hits you with a +0 club.
You block the goblin's attack. The goblin hits you but does no damage.
You miss the goblin. Your headbutt misses the goblin.
The goblin is heavily wounded.
You slash the goblin!
You kill the goblin!
You slash the goblin!
You kill the goblin!
You block the goblin's attack.
You closely miss the goblin.
The goblin is heavily wounded.
You hit the hobgoblin. You barely miss the hobgoblin.
The hobgoblin barely misses you. The goblin hits you but does no damage.
You hit the goblin but do no damage.
The goblin is heavily wounded.
You barely miss the hobgoblin. You closely miss the hobgoblin.
You hit Robin but do no damage. The hobgoblin hits you with a +0 whip.
The hobgoblin hits you. You block Robin's attack.
You block the goblin's attack. The hobgoblin hits you.
The goblin hits you but does no damage. The hobgoblin hits you with a +0 whip.
Robin hits you but does no damage.
You miss the goblin. You headbutt the goblin.
You kill the goblin!
You closely miss the hobgoblin. You slash Robin!
You closely miss the hobgoblin.
The hobgoblin no longer looks unusually strong.
You block the hobgoblin's attack. The hobgoblin hits you with a +0 whip.
Robin hits you but does no damage.
You are electrocuted!
* * * LOW HITPOINT WARNING * * *
You closely miss the hobgoblin. You slash the hobgoblin!
You kill the hobgoblin!
You barely miss Robin. The hobgoblin hits you.
You die...

... ..# ..# ..# <.# ###
#.##### .... ...)..#
....[ .##.#.# ###......
.##.#.##########@g......
...............))g......
###......###.....####...
#......# #.###.# .
##.....# #.###+###
#.....# #.......#
#.....# #.......#
#.....# ##......#
#.^...# #......#


You could see Robin and a hobgoblin.

Vanquished Creatures
  A dart slug (D:1)
  3 endoplasms (D:1)
  2 giant cockroaches (D:1)
  10 goblins
  3 hobgoblins
  2 quokkas
  A ball python (D:1)
  A bat (D:1)
  2 frilled lizards (D:1)
  6 kobolds
  2 rats
33 creatures vanquished.

Notes
Turn   | Place    | Note
-------+----------+-------------------------------------------
     0 | D:1      | inmateoo the Minotaur Fighter began the quest for the Orb.
     0 | D:1      | Reached XP level 1. HP: 19/19 MP: 0/0
   140 | D:1      | Reached XP level 2. HP: 27/27 MP: 1/1
   645 | D:2      | Noticed Robin
   650 | D:2      | Reached XP level 3. HP: 31/33 MP: 2/2
   658 | D:2      | Slain by a hobgoblin

Illustrated notes

Levels and vault maps discovered:
D:1:      dpeg_arrival_oval, layout_basic
D:2:      layout_basic, shapermc_ecumenical_altar_starsandcircs, basic_altar,
          uniq_sigmund, uniq_terence, uniq_crazy_yiuf_cottage, uniq_robin

Skill      XL: |  1  2  3 |
---------------+----------+-----
Axes           | 3 |  3.4
Fighting       | 4 |  4.1
Armour         | 4 |  4.0
Shields        | 4 |  4.0

Action                     || total
---------------------------++-------
  Melee: War axe           ||    45
         Headbutt          ||     2
    Use: Scroll            ||     1
 Armour: Scale mail        ||    14
         Chain mail        ||    27
  Dodge: Dodged            ||    21
  Block: Buckler           ||    21

Table legend: (Time is in decaauts)
 A = Elapsed time spent in this place.
 B = Non-inter-level travel time spent in this place.
 C = Inter-level travel time spent in this place.
 D = Time resting spent in this place.
 E = Time spent auto-exploring this place.
 F = Levels seen in this place.
 G = Mean time per level.
                   A        B        C        D        E       F      G
               +--------+--------+--------+--------+--------+-----+--------+
         Total |    673 |    631 |     42 |      0 |    468 |   2 |  336.5 |
       Dungeon |    673 |    631 |     42 |      0 |    468 |   2 |  336.5 |
               +--------+--------+--------+--------+--------+-----+--------+

Top non-repeatable levels by time:
     D:1: 617 daAuts
     D:2: 56 daAuts
